[ AOE2 MATCH · #505271308 ]
UnrankedKoreans vs Malay
Player's team · WIN
Rival team · LOSS
[ REPLAY ANALYSIS · EXTRACTED FROM THE RECORDED GAME ]
Feudal
11:23
Castle
22:03
Imperial
41:25
| APM avg | 72.1 |
| APM peak | 128 |
| eAPM avg | 35.9 |
| Villagers / military | 147 / 132 |
Focus
⚔️ 47.7% · 🌾 52.3%
Archer ×92 · Iron Pagoda ×30 · Militia ×7 · Trebuchet (Packed) ×2 · Monk ×1
Feudal
11:51
Castle
23:39
Imperial
41:43
| APM avg | 49.7 |
| APM peak | 75 |
| eAPM avg | 32.4 |
| Villagers / military | 189 / 81 |
Focus
⚔️ 31.0% · 🌾 69.0%
Archer ×28 · Mangonel ×27 · Skirmisher ×11 · Battering Ram ×6 · Militia ×3 · Battle Elephant ×2
Match map
Initial resources + every placement click. Lines = walls · curves = elevation contours. ◆ gold · ⬟ stone · ● berries · ✦ relic · ◌ wall gap
Your base· Open — unwalled flank
elbanovic's base· Open — 4t gap
Smoothed initial terrain · ◌ = detected wall gap · hover for details
Inputs per minute
— [TMG] Lucipher - - elbanovic
Build order — [TMG] Lucipher
First 150 of 463 actions detected
| 0:00 | Queue | Villager (Male) |
| 0:00 | Queue | Villager (Male) |
| 0:00 | Queue | Villager (Male) |
| 0:01 | Build | House |
| 0:02 | Build | House |
| 0:05 | Queue | Villager (Male) |
| 0:06 | Queue | Villager (Male) |
| 1:40 | Queue | Villager (Male) |
| 1:40 | Queue | Villager (Male) |
| 1:59 | Queue | Villager (Male) |
| 2:15 | Build | Barracks |
| 2:25 | Queue | Villager (Male) |
| 2:53 | Queue | Villager (Male) |
| 2:53 | Queue | Villager (Male) |
| 2:57 | Build | House |
| 3:17 | Queue | Villager (Male) |
| 3:18 | Queue | Villager (Male) |
| 3:48 | Queue | Villager (Male) |
| 3:48 | Queue | Villager (Male) |
| 4:02 | Queue | Villager (Male) |
| 4:15 | Queue | Militia |
| 4:33 | Queue | Villager (Male) |
| 4:42 | Queue | Militia |
| 4:53 | Queue | Villager (Male) |
| 4:53 | Queue | Villager (Male) |
| 4:56 | Build | House |
| 5:19 | Queue | Villager (Male) |
| 5:24 | Build | Lumber Camp |
| 5:41 | Queue | Villager (Male) |
| 5:53 | Queue | Villager (Male) |
| 6:36 | Queue | Villager (Male) |
| 6:52 | Queue | Villager (Male) |
| 7:00 | Build | Mill |
| 7:10 | Queue | Villager (Male) |
| 7:17 | Build | House |
| 7:49 | Queue | Villager (Male) |
| 7:49 | Queue | Villager (Male) |
| 8:13 | Build | Mill |
| 8:16 | Build | House |
| 8:17 | Build | Palisade Wall |
| 8:20 | Research | Loom |
| 9:13 | Research | Feudal Age |
| 9:36 | Build | Palisade Wall |
| 9:43 | Queue | Villager (Male) |
| 10:00 | Queue | Villager (Male) |
| 10:12 | Build | Farm |
| 10:18 | Build | Mining Camp |
| 10:40 | Build | Farm |
| 11:23 | Age | Feudal Age |
| 11:31 | Build | Archery Range |
| 11:31 | Research | Double-Bit Axe |
| 11:33 | Queue | Villager (Male) |
| 11:52 | Queue | Villager (Male) |
| 12:15 | Build | Blacksmith |
| 12:33 | Queue | Villager (Male) |
| 12:54 | Build | Palisade Wall |
| 13:03 | Research | Fletching |
| 13:04 | Research | Fletching |
| 13:16 | Queue | Archer |
| 13:16 | Queue | Archer |
| 13:18 | Queue | Villager (Male) |
| 13:27 | Build | Watch Tower |
| 13:32 | Queue | Villager (Male) |
| 13:35 | Build | Farm |
| 13:37 | Build | Farm |
| 13:37 | Research | Horse Collar |
| 13:49 | Queue | Archer |
| 13:51 | Build | House |
| 13:52 | Build | House |
| 14:04 | Queue | Villager (Male) |
| 14:14 | Queue | Archer |
| 14:32 | Queue | Villager (Male) |
| 14:41 | Queue | Villager (Male) |
| 14:45 | Queue | Archer |
| 14:51 | Queue | Archer |
| 14:56 | Build | House |
| 14:57 | Build | Farm |
| 14:58 | Build | Farm |
| 15:14 | Queue | Villager (Male) |
| 15:25 | Queue | Archer |
| 15:28 | Build | Farm |
| 15:32 | Build | Farm |
| 15:41 | Queue | Archer |
| 15:55 | Queue | Archer |
| 16:25 | Queue | Archer |
| 16:26 | Queue | Villager (Male) |
| 16:27 | Queue | Villager (Male) |
| 16:30 | Build | Farm |
| 16:33 | Build | Farm |
| 16:33 | Build | Farm |
| 16:35 | Build | Farm |
| 16:58 | Queue | Villager (Male) |
| 17:26 | Queue | Villager (Male) |
| 17:32 | Build | House |
| 17:40 | Queue | Militia |
| 17:41 | Queue | Militia |
| 17:42 | Queue | Archer |
| 17:42 | Queue | Archer |
| 17:45 | Queue | Archer |
| 17:45 | Queue | Villager (Male) |
| 17:47 | Queue | Militia |
| 17:51 | Build | House |
| 17:53 | Build | Farm |
| 17:54 | Build | Farm |
| 17:56 | Build | Farm |
| 18:11 | Queue | Villager (Male) |
| 18:15 | Build | Mill |
| 18:21 | Queue | Archer |
| 18:34 | Queue | Villager (Male) |
| 18:44 | Queue | Archer |
| 19:07 | Research | Castle Age |
| 19:07 | Research | Castle Age |
| 19:22 | Queue | Militia |
| 19:23 | Queue | Militia |
| 19:25 | Queue | Archer |
| 19:25 | Queue | Archer |
| 19:31 | Research | Gold Mining |
| 19:43 | Queue | Archer |
| 19:49 | Build | Archery Range |
| 20:36 | Queue | Archer |
| 20:36 | Queue | Archer |
| 20:37 | Build | Farm |
| 20:40 | Queue | Archer |
| 20:40 | Queue | Archer |
| 20:43 | Queue | Villager (Male) |
| 20:43 | Queue | Villager (Male) |
| 21:09 | Queue | Archer |
| 21:09 | Queue | Archer |
| 21:11 | Queue | Villager (Male) |
| 21:24 | Queue | Archer |
| 21:25 | Queue | Archer |
| 21:37 | Build | Mining Camp |
| 21:50 | Build | House |
| 21:59 | Research | Stone Mining |
| 22:03 | Age | Castle Age |
| 22:06 | Research | Bodkin Arrow |
| 22:11 | Research | Crossbowman (upgrade) |
| 22:11 | Research | Crossbowman (upgrade) |
| 22:11 | Research | Bow Saw |
| 22:11 | Research | Bow Saw |
| 22:14 | Queue | Villager (Male) |
| 22:37 | Build | Siege Workshop |
| 22:47 | Queue | Villager (Male) |
| 22:47 | Queue | Villager (Male) |
| 23:01 | Build | Watch Tower |
| 23:02 | Queue | Villager (Male) |
| 23:23 | Build | Mining Camp |
| 23:27 | Build | Mining Camp |
| 23:28 | Queue | Villager (Male) |
| 23:28 | Queue | Villager (Male) |
Build order — elbanovic
First 150 of 440 actions detected
| 0:00 | Queue | Villager (Male) |
| 0:00 | Queue | Villager (Male) |
| 0:01 | Queue | Villager (Male) |
| 0:01 | Queue | Villager (Male) |
| 0:01 | Queue | Villager (Male) |
| 0:02 | Build | House |
| 0:03 | Build | House |
| 1:29 | Queue | Villager (Male) |
| 1:57 | Queue | Villager (Male) |
| 1:58 | Queue | Villager (Male) |
| 2:03 | Build | Lumber Camp |
| 2:23 | Queue | Villager (Male) |
| 2:50 | Queue | Villager (Male) |
| 2:51 | Queue | Villager (Male) |
| 3:16 | Queue | Villager (Male) |
| 3:41 | Queue | Villager (Male) |
| 3:55 | Queue | Villager (Male) |
| 4:10 | Build | House |
| 4:30 | Queue | Villager (Male) |
| 4:38 | Build | Barracks |
| 4:51 | Queue | Villager (Male) |
| 4:51 | Queue | Villager (Male) |
| 4:56 | Queue | Villager (Male) |
| 5:05 | Build | House |
| 5:29 | Queue | Militia |
| 5:30 | Queue | Militia |
| 5:44 | Queue | Villager (Male) |
| 5:55 | Research | Loom |
| 6:07 | Build | House |
| 6:08 | Queue | Villager (Male) |
| 6:11 | Queue | Militia |
| 6:31 | Queue | Villager (Male) |
| 6:36 | Build | House |
| 6:40 | Build | Palisade Wall |
| 6:41 | Build | Palisade Wall |
| 6:46 | Build | Palisade Wall |
| 6:47 | Queue | Villager (Male) |
| 7:01 | Build | House |
| 7:01 | Queue | Villager (Male) |
| 7:12 | Build | Palisade Wall |
| 7:20 | Queue | Villager (Male) |
| 7:33 | Build | Palisade Wall |
| 7:35 | Queue | Villager (Male) |
| 7:53 | Queue | Villager (Male) |
| 8:07 | Queue | Villager (Male) |
| 8:17 | Queue | Villager (Male) |
| 8:40 | Queue | Villager (Male) |
| 9:19 | Build | Mill |
| 9:44 | Queue | Villager (Male) |
| 10:04 | Queue | Villager (Male) |
| 10:06 | Build | Palisade Wall |
| 10:06 | Build | Palisade Wall |
| 10:17 | Build | Palisade Wall |
| 10:27 | Build | Lumber Camp |
| 10:33 | Research | Feudal Age |
| 11:07 | Queue | Villager (Male) |
| 11:27 | Build | Mining Camp |
| 11:51 | Age | Feudal Age |
| 11:53 | Build | Archery Range |
| 11:54 | Research | Double-Bit Axe |
| 11:55 | Research | Horse Collar |
| 11:58 | Queue | Villager (Male) |
| 12:15 | Build | House |
| 12:23 | Build | Farm |
| 12:26 | Build | Farm |
| 12:29 | Queue | Villager (Male) |
| 12:35 | Build | Palisade Wall |
| 12:39 | Queue | Skirmisher |
| 12:43 | Queue | Villager (Male) |
| 12:55 | Build | Mining Camp |
| 12:59 | Build | Mining Camp |
| 13:02 | Queue | Skirmisher |
| 13:05 | Queue | Villager (Male) |
| 13:07 | Build | Farm |
| 13:19 | Queue | Villager (Male) |
| 13:22 | Build | Farm |
| 13:30 | Queue | Skirmisher |
| 13:49 | Queue | Villager (Male) |
| 14:02 | Build | Blacksmith |
| 14:07 | Queue | Skirmisher |
| 14:19 | Queue | Villager (Male) |
| 14:22 | Build | Farm |
| 14:24 | Queue | Skirmisher |
| 14:44 | Queue | Spearman |
| 14:59 | Build | Watch Tower |
| 15:20 | Queue | Villager (Male) |
| 15:22 | Build | Farm |
| 15:23 | Build | Farm |
| 15:29 | Queue | Skirmisher |
| 15:41 | Build | Farm |
| 15:54 | Queue | Villager (Male) |
| 15:55 | Build | Farm |
| 15:57 | Build | Farm |
| 15:57 | Build | Farm |
| 16:22 | Queue | Skirmisher |
| 16:28 | Build | Farm |
| 16:29 | Build | Mill |
| 16:31 | Build | Farm |
| 16:31 | Queue | Archer |
| 16:37 | Queue | Villager (Male) |
| 16:46 | Queue | Archer |
| 16:56 | Queue | Archer |
| 16:58 | Queue | Villager (Male) |
| 17:02 | Build | Farm |
| 17:04 | Queue | Villager (Male) |
| 17:05 | Queue | Archer |
| 17:18 | Queue | Archer |
| 17:20 | Queue | Villager (Male) |
| 17:25 | Queue | Archer |
| 17:28 | Build | Farm |
| 17:36 | Build | Archery Range |
| 17:40 | Queue | Villager (Male) |
| 17:43 | Build | House |
| 17:45 | Build | Lumber Camp |
| 17:49 | Queue | Villager (Male) |
| 17:52 | Queue | Archer |
| 18:01 | Queue | Villager (Male) |
| 18:07 | Build | House |
| 18:09 | Build | Farm |
| 18:11 | Build | Farm |
| 18:19 | Research | Fletching |
| 18:26 | Queue | Archer |
| 18:29 | Queue | Archer |
| 18:31 | Build | Farm |
| 18:32 | Queue | Villager (Male) |
| 18:36 | Build | Palisade Wall |
| 18:46 | Build | House |
| 18:49 | Queue | Archer |
| 18:59 | Queue | Villager (Male) |
| 19:04 | Build | House |
| 19:14 | Queue | Archer |
| 19:16 | Build | House |
| 19:20 | Queue | Archer |
| 19:21 | Queue | Villager (Male) |
| 19:32 | Build | Palisade Wall |
| 19:34 | Queue | Archer |
| 19:39 | Queue | Archer |
| 19:40 | Queue | Villager (Male) |
| 19:47 | Build | Market |
| 19:50 | Queue | Archer |
| 19:53 | Research | Padded Archer Armor |
| 19:55 | Queue | Villager (Male) |
| 20:04 | Build | Farm |
| 20:11 | Queue | Archer |
| 20:12 | Queue | Villager (Male) |
| 20:20 | Queue | Skirmisher |
| 20:36 | Build | House |
| 20:39 | Build | Farm |
| 20:43 | Queue | Archer |
| 20:43 | Queue | Archer |
Match timeline
| 2:15 | [TMG] Lucipher · first_building Barracks |
| 4:38 | elbanovic · first_building Barracks |
| 6:40 | elbanovic · wall_segment Palisade Wall x1 |
| 6:41 | elbanovic · wall_segment Palisade Wall x1 |
| 6:46 | elbanovic · wall_segment Palisade Wall x1 |
| 7:12 | elbanovic · wall_segment Palisade Wall x10 |
| 7:33 | elbanovic · wall_segment Palisade Wall x7 |
| 8:17 | [TMG] Lucipher · wall_segment Palisade Wall x1 |
| 9:36 | [TMG] Lucipher · wall_segment Palisade Wall x1 |
| 10:06 | elbanovic · wall_segment Palisade Wall x1 |
| 10:06 | elbanovic · wall_segment Palisade Wall x1 |
| 10:17 | elbanovic · wall_segment Palisade Wall x1 |
| 11:23 | [TMG] Lucipher · age_up feudal |
| 11:31 | [TMG] Lucipher · first_building Archery Range |
| 11:51 | elbanovic · age_up feudal |
| 11:53 | elbanovic · first_building Archery Range |
| 12:35 | elbanovic · wall_segment Palisade Wall x1 |
| 12:54 | [TMG] Lucipher · wall_segment Palisade Wall x1 |
| 18:36 | elbanovic · wall_segment Palisade Wall x1 |
| 19:32 | elbanovic · wall_segment Palisade Wall x1 |
| 21:53 | elbanovic · first_market_sell 100 wood |
| 22:00 | elbanovic · first_market_buy 100 food |
| 22:03 | [TMG] Lucipher · age_up castle |
| 22:37 | [TMG] Lucipher · first_building Siege Workshop |
| 23:39 | elbanovic · age_up castle |
| 23:48 | elbanovic · first_building Siege Workshop |
| 29:24 | [TMG] Lucipher · first_market_sell 100 wood |
| 35:46 | elbanovic · first_building Castle |
| 37:04 | [TMG] Lucipher · first_building Monastery |
| 37:32 | [TMG] Lucipher · first_building Castle |
| 40:32 | elbanovic · first_building Stable |
| 41:25 | [TMG] Lucipher · age_up imperial |
| 41:43 | elbanovic · age_up imperial |
| 45:15 | elbanovic · resign |
[ AI ANALYSIS · 1 CREDIT ]
What really happened in this match?
Wolo.gg analyzes every decision: build order, eco, micro, common mistakes by bracket. Personalized analysis on WhatsApp or Discord in 30 seconds.
Civ guide
Koreans
Perfil
[TMG] Lucipher